 Dungeon Crawl Stone Soup version 0.29-a0-909-g30c7767f5c (webtiles) character file.

Game seed: 10677442311657632975

103 Garessta the Caller (level 4, -2/32 HPs)
             Began as a Gnoll Summoner on July 25, 2022.
             Killed from afar by Sigmund (15 damage)
             ... with a bolt of dispelling energy
             ... on level 2 of the Dungeon.
             The game lasted 00:03:59 (1296 turns).

Garessta the Caller (Gnoll Summoner)                Turns: 1296, Time: 00:04:00

Health: -2/32      AC:  2    Str:  7    XL:     4   Next: 79%
Magic:  2/11       EV: 18    Int: 15    God:
Gold:   67         SH:  0    Dex: 14    Spells: 4/13 levels left

rFire   . . .      SeeInvis .   a - +2 dagger (venom)
rCold   . . .      Faith    .   (no shield)
rNeg    . . .      Spirit   .   f - +0 robe
rPois   +          Reflect  .   (no helmet)
rElec   .          Harm     .   (no cloak)
rCorr   .          Rampage  .   (no gloves)
Will    .....                   (no boots)
Stlth   +++.......              (no amulet)
HPRegen 0.10/turn               c - +4 ring of evasion
MPRegen 0.12/turn               i - ring of poison resistance

@: no status effects
A: fangs 1, strong nose, distributed training
a: no special abilities


You were on level 2 of the Dungeon.
You visited 1 branch of the dungeon, and saw 2 of its levels.

You collected 67 gold pieces.

Inventory:

Hand Weapons
 a - a +2 dagger of venom (weapon)
Missiles
 e - 10 atropa-tipped darts
Armour
 f - a +0 robe (worn)
Jewellery
 c - a +4 ring of evasion (left hand)
 i - a ring of poison resistance (right hand)
Scrolls
 d - a scroll of enchant weapon {unknown}
 g - a scroll of fog {unknown}
 h - a scroll of teleportation {unknown}
 j - a scroll of fear {unknown}
 l - a scroll of noise {unknown}
 m - a scroll of identify {unknown}
Potions
 b - 2 potions of magic
 k - a potion of heal wounds {unknown}


   Skills:
 + Level 1.3 Fighting
 + Level 1.3 Short Blades
 + Level 1.3 Long Blades
 + Level 1.3 Axes
 + Level 1.3 Maces & Flails
 + Level 1.3 Polearms
 + Level 1.3 Staves
 + Level 1.3 Ranged Weapons
 + Level 1.3 Throwing
 + Level 1.3 Armour
 + Level 4.7 Dodging
 + Level 4.3 Stealth
 + Level 1.3 Shields
 + Level 1.3 Unarmed Combat
 + Level 5.1 Spellcasting
 + Level 1.0 Conjurations
 + Level 1.0 Hexes
 + Level 7.1 Summonings
 + Level 1.0 Necromancy
 + Level 1.0 Translocations
 + Level 1.0 Transmutations
 + Level 1.0 Fire Magic
 + Level 1.0 Ice Magic
 + Level 1.0 Air Magic
 + Level 1.0 Earth Magic
 + Level 1.0 Poison Magic
 + Level 1.4 Invocations
 + Level 1.3 Evocations


You had 4 spell levels left.
You knew the following spells:

 Your Spells              Type           Power      Damage    Failure   Level
a - Summon Small Mammal   Summ           100%       N/A       1%          1
b - Call Imp              Summ           25%        N/A       1%          2
c - Call Canine Familiar  Summ           25%        N/A       2%          3
d - Summon Guardian Gole  Hex/Summ       16%        N/A       9%          3

Your spell library contained the following spells:

 Spells                   Type           Power      Damage    Failure   Level
 Summon Lightning Spire   Summ/Air       16%        N/A       28%         4


Dungeon Overview and Level Annotations

Branches:
Dungeon (2/15)

Altars:

Annotations:
D:2 Sigmund


Innate Abilities, Weirdness & Mutations

You have very sharp teeth.
Your uncanny sense of smell can sniff out nearby items.
Your experience applies equally to all skills.


Message History

Your hound bites something.
Your hound closely misses something.
Something hits your hound.
Your hound barely misses something.
Your hound closely misses something.
You hear a zap.
A bolt of dispelling energy appears from out of thin air!
The bolt of dispelling energy hits your hound!
Your hound's magical effects unravel!
Your hound closely misses something.
You hear a zap.
A bolt of dispelling energy appears from out of thin air!
The bolt of dispelling energy hits your hound!
Your hound dies!
Your hound's corpse disappears in a puff of smoke!
Casting: Summon Guardian Golem (quite dangerous; 9% risk of failure)
Confirm with . or Enter, or press ? or * to list all spells.
Something closely misses your crimson imp.
You swap places.
You hear a zap.
A bolt of dispelling energy appears from out of thin air!
The bolt of dispelling energy misses your crimson imp.
The bolt of dispelling energy hits your guardian golem!
The bolt of dispelling energy hits your hound!
Your hound's magical effects unravel!
The bolt of dispelling energy misses you.
Your guardian golem is destroyed!
Your guardian golem disappears in a puff of smoke!
You hear a zap.
A bolt of dispelling energy appears from out of thin air!
The bolt of dispelling energy hits your crimson imp!!
Your crimson imp dies!
Your crimson imp disappears in a puff of smoke!
The bolt of dispelling energy hits your hound!
Your hound dies!
Your hound's corpse disappears in a puff of smoke!
The bolt of dispelling energy hits you!
You hear a zap.
A bolt of dispelling energy appears from out of thin air!
The bolt of dispelling energy hits you!
You die...

....########.#######.#
.##.#.....##.#.......# #####
.....####...^...#.#..# #...#
.....####.##)#....#..###.#.#
..........................>#
...........#.#....#.##.#####
#.#.#.##...#.##.###....#
#...#........##.##########
....#....######.@....§.{.#
#.#...#...# #.########.#
......#.#.# #......# .#
###.....#.## #......# .#
.P#######..# #......# .#
PPP##...##.# #......# @#
≈≈P#....##.## #......###.#
##.#........# #......'...#
.#_#...#..#.# #......#####


There were no monsters in sight!

Vanquished Creatures
  Natasha (twice) (D:2)
  An adder (D:2)
  A worm (D:2)
  A ball python (D:1)
  2 giant cockroaches (D:2)
  3 goblins (D:2)
  2 hobgoblins
  A jackal (D:1)
  A kobold (D:2)
  A quokka (D:2)
  3 bats (D:1)
  2 rats
20 creatures vanquished.

Vanquished Creatures (collateral kills)
  An endoplasm (D:1)
  2 goblins (D:1)
  4 hobgoblins
  6 jackals
  3 ball pythons
  A bat (D:1)
17 creatures vanquished.

Grand Total: 37 creatures vanquished

Notes
Turn   | Place    | Note
-------+----------+-------------------------------------------
     0 | D:1      | Garessta the Gnoll Summoner began the quest for the Orb.
     0 | D:1      | Reached XP level 1. HP: 13/13 MP: 6/6
   130 | D:1      | Reached XP level 2. HP: 15/19 MP: 2/7
   301 | D:1      | Learned a level 2 spell: Call Imp
   587 | D:2      | Reached skill level 5 in Spellcasting
   587 | D:2      | Reached XP level 3. HP: 25/25 MP: 5/9
   664 | D:2      | Reached skill level 1 in Invocations
   879 | D:2      | Reached skill level 1 in Fighting
   879 | D:2      | Reached skill level 1 in Short Blades
   879 | D:2      | Reached skill level 1 in Long Blades
   879 | D:2      | Reached skill level 1 in Axes
   879 | D:2      | Reached skill level 1 in Maces & Flails
   879 | D:2      | Reached skill level 1 in Polearms
   879 | D:2      | Reached skill level 1 in Staves
   879 | D:2      | Reached skill level 1 in Ranged Weapons
   879 | D:2      | Reached skill level 1 in Throwing
   879 | D:2      | Reached skill level 1 in Armour
   879 | D:2      | Reached skill level 1 in Shields
   879 | D:2      | Reached skill level 1 in Unarmed Combat
   879 | D:2      | Reached skill level 1 in Evocations
   914 | D:2      | Noticed Natasha
   917 | D:2      | Killed Natasha
   918 | D:2      | Reached XP level 4. HP: 32/32 MP: 11/11
   925 | D:2      | Reached skill level 1 in Conjurations
   925 | D:2      | Reached skill level 1 in Hexes
   925 | D:2      | Reached skill level 1 in Necromancy
   925 | D:2      | Reached skill level 1 in Translocations
   925 | D:2      | Reached skill level 1 in Transmutations
   925 | D:2      | Reached skill level 1 in Fire Magic
   925 | D:2      | Reached skill level 1 in Ice Magic
   925 | D:2      | Reached skill level 1 in Air Magic
   925 | D:2      | Reached skill level 1 in Earth Magic
   925 | D:2      | Reached skill level 1 in Poison Magic
   987 | D:2      | Found a faded altar of an unknown god.
  1001 | D:2      | Noticed Natasha
  1011 | D:2      | Killed Natasha
  1016 | D:2      | Learned a level 3 spell: Call Canine Familiar
  1020 | D:2      | Learned a level 3 spell: Summon Guardian Golem
  1070 | D:2      | Noticed Sigmund
  1296 | D:2      | Killed from afar by Sigmund

Illustrated notes

Levels and vault maps discovered:
D:1:      scummos_arrival_hexagon, layout_rooms, minmay_misc_feat_roman
D:2:      layout_basic, shapermc_ecumenical_altar_hornbeckon, uniq_sigmund,
          uniq_natasha

Skill      XL: |  1  2  3  4 |
---------------+-------------+-----
Spellcasting   | 5 |  5.1
Invocations    | 1 |  1.4
Fighting       | 1 |  1.3
Short Blades   | 1 |  1.3
Long Blades    | 1 |  1.3
Axes           | 1 |  1.3
Maces & Flails | 1 |  1.3
Polearms       | 1 |  1.3
Staves         | 1 |  1.3
Ranged Weapons | 1 |  1.3
Throwing       | 1 |  1.3
Armour         | 1 |  1.3
Shields        | 1 |  1.3
Unarmed Combat | 1 |  1.3
Evocations     | 1 |  1.3
Conjurations   | 1 |  1.0
Hexes          | 1 |  1.0
Necromancy     | 1 |  1.0
Translocations | 1 |  1.0
Transmutations | 1 |  1.0
Fire Magic     | 1 |  1.0
Ice Magic      | 1 |  1.0
Air Magic      | 1 |  1.0
Earth Magic    | 1 |  1.0
Poison Magic   | 1 |  1.0
Dodging        | |  4.7
Stealth        | |  4.3
Summonings     | |  7.1

Action                   |  1- 3 |  4- 6 || total
-------------------------+-------+-------++-------
Melee: Flail             |     9 |       ||     9
       Unarmed           |     2 |       ||     2
       Dagger            |    34 |     5 ||    39
       Bite              |     2 |       ||     2
 Cast: Summon Small Mamm |    13 |     2 ||    15
       Call Imp          |     2 |     2 ||     4
       Call Canine Famil |       |     2 ||     2
       Summon Guardian G |       |     1 ||     1
 Stab: Sleeping          |     5 |     2 ||     7
Armor: Robe              |     5 |       ||     5
Dodge: Dodged            |    47 |     4 ||    51

Table legend: (Time is in decaauts)
 A = Elapsed time spent in this place.
 B = Non-inter-level travel time spent in this place.
 C = Inter-level travel time spent in this place.
 D = Time resting spent in this place.
 E = Time spent auto-exploring this place.
 F = Levels seen in this place.
 G = Mean time per level.
                   A        B        C        D        E       F      G
               +--------+--------+--------+--------+--------+-----+--------+
         Total |   1302 |   1273 |     29 |    200 |    791 |   2 |  651.0 |
       Dungeon |   1302 |   1273 |     29 |    200 |    791 |   2 |  651.0 |
               +--------+--------+--------+--------+--------+-----+--------+

Top non-repeatable levels by time:
     D:2: 727 daAuts
     D:1: 574 daAuts
